 Dungeon Crawl Stone Soup version 0.21.1-1-g345015f (webtiles) character file.

24 tidbits the Grave Robber (level 3, -2/25 HPs)
             Began as a Gnoll Necromancer on June 26, 2018.
             Slain by a frilled lizard (3 damage)
             ... on level 1 of the Dungeon.
             The game lasted 00:02:27 (269 turns).

tidbits the Grave Robber (Gnoll Necromancer)         Turns: 269, Time: 00:02:27

Health: -2/25      AC:  2    Str: 10    XL:     3   Next: 2%
Magic:  1/9        EV: 14    Int: 18    God:
Gold:   52         SH:  0    Dex: 15    Spells: 6/11 levels left

rFire    . . .     SeeInvis .   a - +0 short sword
rCold    . . .     Gourm    .   (no shield)
rNeg     . . .     Faith    .   j - +0 robe
rPois    .         Spirit   .   (no helmet)
rElec    .         Reflect  .   (no cloak)
rCorr    .         Harm     .   (no gloves)
MR       .....                  (no boots)
Stlth    +++.......             (no amulet)
HPRegen  0.08/turn              (no ring)
MPRegen  0.11/turn              (no ring)

@: no status effects
A: distributed training, fangs 1, strong nose
a: no special abilities


You were on level 1 of the Dungeon.
You were not hungry.

You visited 1 branch of the dungeon, and saw 2 of its levels.

You collected 52 gold pieces.

Inventory:

Hand Weapons
 a - a +0 short sword (weapon)
 f - a cursed -3 hunting sling
Missiles
 k - 4 tomahawks (quivered)
Armour
 j - a +0 robe (worn)
Scrolls
 g - 2 scrolls of fog {unknown}
 i - a scroll of amnesia {unknown}
 m - a scroll of fear {unknown}
Potions
 d - a potion of magic {unknown}
 e - a potion of heal wounds {unknown}
 h - 2 potions of curing
 l - a potion of ambrosia {unknown}
Books
 b - a book of Necromancy

   Spells                             Type                      Level
   a - Pain                           Necromancy                   1
   b - Animate Skeleton               Necromancy                   1
   c - Vampiric Draining              Necromancy                   3
   d - Regeneration                   Charms/Necromancy            3
   e - Animate Dead                   Necromancy                   4
   f - Borgnjor's Vile Clutch         Necromancy/Earth             5
Comestibles
 c - a ration


   Skills:
 + Level 0.5 Fighting
 + Level 0.5 Short Blades
 + Level 0.5 Long Blades
 + Level 0.5 Axes
 + Level 0.5 Maces & Flails
 + Level 0.5 Polearms
 + Level 0.5 Staves
 + Level 0.5 Slings
 + Level 0.5 Bows
 + Level 0.5 Crossbows
 + Level 0.5 Throwing
 + Level 0.5 Armour
 + Level 4.5 Dodging
 + Level 4.1 Stealth
 + Level 0.5 Shields
 + Level 0.5 Unarmed Combat
 + Level 4.9 Spellcasting
 + Level 0.4 Conjurations
 + Level 0.4 Hexes
 + Level 0.4 Charms
 + Level 0.4 Summonings
 + Level 7.0 Necromancy
 + Level 0.4 Translocations
 + Level 0.4 Transmutations
 + Level 0.4 Fire Magic
 + Level 0.4 Ice Magic
 + Level 0.4 Air Magic
 + Level 0.4 Earth Magic
 + Level 0.4 Poison Magic
 + Level 0.7 Invocations
 + Level 0.5 Evocations


You had 6 spell levels left.
You knew the following spells:

 Your Spells              Type           Power        Failure   Level  Hunger
a - Pain                  Necr           ####         1%          1    None
n - Animate Skeleton      Necr           N/A          1%          1    None
r - Regeneration          Chrm/Necr      ###.......   9%          3    ###....


Dungeon Overview and Level Annotations

Branches:
Dungeon (2/15)

Altars:


Innate Abilities, Weirdness & Mutations

Your experience applies equally to all skills.
You have very sharp teeth.
Your uncanny sense of smell can sniff out nearby items.


Message History

Aiming: Pain
Press: ? - help, Shift-Dir - straight line, f - frilled lizard
Aim: a frilled lizard (chance to defeat MR: 93%)
The frilled lizard writhes in agony!
The frilled lizard bites you but does no damage.
You miss the frilled lizard.
The frilled lizard is heavily wounded.
The frilled lizard barely misses you.
You hit the frilled lizard.
You kill the frilled lizard!
Casting: Pain
Confirm with . or Enter, or press ? or * to list all spells.
Aiming: Pain
Press: ? - help, Shift-Dir - straight line, f - hobgoblin
Aim: a hobgoblin, wielding a club (chance to defeat MR: 93%)
The hobgoblin writhes in agony!
You kill the hobgoblin!
Casting: Pain
Confirm with . or Enter, or press ? or * to list all spells.
You don't have enough magic to cast that spell.
You completely miss the frilled lizard. The frilled lizard bites you.
* * * LOW HITPOINT WARNING * * *
You closely miss the frilled lizard.
You bite the frilled lizard, but do no damage.
The frilled lizard bites you.
* * * LOW HITPOINT WARNING * * *
You hit the frilled lizard but do no damage.
Your bite misses the frilled lizard. The frilled lizard barely misses you.
You hit the frilled lizard.
You kill the frilled lizard!
Things that are here:
a frilled lizard corpse x2
Things that are here:
a club; a hobgoblin corpse A bat comes into view.
Found 9 gold pieces.
Casting: Pain
Confirm with . or Enter, or press ? or * to list all spells.
Aiming: Pain
Press: ? - help, Shift-Dir - straight line, f - bat
Aim: a bat (resting, chance to defeat MR: 93%)
The bat writhes in agony!
The bat closely misses you.
You hit the bat but do no damage.
The bat is moderately wounded.
The bat hits you but does no damage.
You hit the bat.
You kill the bat!
A frilled lizard comes into view.
You see here 9 gold pieces.
You now have 52 gold pieces (gained 9).
A frilled lizard comes into view.
Casting: Pain
Confirm with . or Enter, or press ? or * to list all spells.
Aiming: Pain
Press: ? - help, Shift-Dir - straight line, f - frilled lizard
Aim: a frilled lizard (hasn't noticed you, chance to defeat MR: 93%)
The frilled lizard hisses angrily.
The frilled lizard writhes in agony!
You kill the frilled lizard!
The frilled lizard hisses angrily.
A giant cockroach comes into view.
You see here a frilled lizard corpse.
Casting: Pain
Confirm with . or Enter, or press ? or * to list all spells.
Aiming: Pain
Press: ? - help, Shift-Dir - straight line, f - giant cockroach
Aim: a giant cockroach (clinging, hasn't noticed you, chance to defeat MR: 93%)
The giant cockroach writhes in agony!
You kill the giant cockroach!
You have reached level 3!
Your experience leads to an increase in your attributes!
Increase (S)trength, (I)ntelligence, or (D)exterity?
You feel clever.
You hit the frilled lizard.
You kill the frilled lizard!
Memorise Animate Skeleton, consuming 1 spell level and leaving 9?
You start memorising the spell.
You continue memorising.
You finish memorising.
Spell assigned to 'n'.
Okay, then.
Memorise Regeneration, consuming 3 spell levels and leaving 6?
You start memorising the spell.
You continue memorising. x3
You finish memorising.
Spell assigned to 'r'.
Casting: Pain
Confirm with . or Enter, or press ? or * to list all spells.
Aiming: Pain
Press: ? - help, Shift-Dir - straight line, f - frilled lizard
Aim: a frilled lizard (chance to defeat MR: 93%)
The frilled lizard writhes in agony!
You miss the frilled lizard.
The frilled lizard is heavily wounded.
The frilled lizard misses you.
You closely miss the frilled lizard.
The frilled lizard is heavily wounded.
The frilled lizard bites you.
* * * LOW HITPOINT WARNING * * *
You closely miss the frilled lizard.
The frilled lizard is heavily wounded.
The frilled lizard bites you.
You die...

..# # ################.#
#
##..........##....#######
.........................
............##.....##.# #
...................##†###
............###.#.....)..
.........†..#............
.......l@...#.#.#..†.....
#.....#.....#.#.#........
#...†....................
#####.......#.#.#........
......................
.......................
......###...............
...... ...............#
## #.....###.##.†..#


You could see a frilled lizard.

Vanquished Creatures
  An ooze (D:1)
  A giant cockroach (D:1)
  2 hobgoblins (D:1)
  2 kobolds (D:1)
  3 bats (D:1)
  7 frilled lizards (D:1)
  3 goblins (D:1)
  4 rats (D:1)
23 creatures vanquished.

Notes
Turn   | Place    | Note
-------+----------+-------------------------------------------
     0 | D:1      | tidbits the Gnoll Necromancer began the quest for the Orb.
     0 | D:1      | Reached XP level 1. HP: 13/13 MP: 6/6
   103 | D:1      | Reached XP level 2. HP: 6/19 MP: 1/7
   256 | D:1      | Reached XP level 3. HP: 4/25 MP: 0/9
   261 | D:1      | Learned a level 1 spell: Animate Skeleton
   265 | D:1      | Learned a level 3 spell: Regeneration
   268 | D:1      | HP: 1/25 [frilled lizard (2)]
   269 | D:1      | Slain by a frilled lizard

Action                   || total
-------------------------++-------
Melee: Short sword       ||    12
       Bite              ||     1
 Cast: Pain              ||    27
  Use: Potion            ||     1
Armor: Robe              ||     3
Dodge: Dodged            ||     5

Table legend:
 A = Turns spent in this place as a percentage of turns spent in the entire game.
 B = Non-inter-level travel turns spent in this place as a percentage of non-inter-level travel turns spent in the entire game.
 C = Inter-level travel turns spent in this place as a percentage of turns spent in this place.
 D = Turns resting spent in this place as a percentage of non-inter-level travel turns spent in this place.
 E = Turns spent auto-exploring this place as a percentage of non-inter-level travel turns spent in this place.
 F = Non-inter-level travel turns spent in this place divided by the number of levels of this place that you've seen.
                   A       B       C       D       E      F
               +-------+-------+-------+-------+-------+----------------------
         Total | 100.0 | 100.0 |   0.0 |   0.0 |   0.0 | 134.5
       Dungeon | 100.0 | 100.0 |   0.0 |   0.0 |   0.0 | 134.5
               +-------+-------+-------+-------+-------+----------------------

Table legend:
 A = Kills in this place as a percentage of kills in entire the game.
 B = Kills by you in this place as a percentage of kills by you in the entire game.
 C = Kills by friends in this place as a percentage of kills by friends in the entire game.
 D = Other kills in this place as a percentage of other kills in the entire game.
 E = Experience gained in this place as a percentage of experience gained in the entire game.
 F = Experience gained in this place divided by the number of levels of this place that you have seen.
                   A       B       C       D       E      F
               +-------+-------+-------+-------+-------+----------------------
         Total | 100.0 | 100.0 |   N/A |   N/A | 100.0 |  17.5
       Dungeon | 100.0 | 100.0 |   N/A |   N/A | 100.0 |  17.5
               +-------+-------+-------+-------+-------+----------------------

Vault maps used:
D:1:      sevenhm_arrival_forest_fort_large_2, minmay_lizard_pond
D:2:      first_ration, kennysheep_nondescript, fedhas_altar_4
